 Dungeon Sprint DCSS version 0.22-a0-402-ga933591 (webtiles) character file.

240 raistware the Cleaver (level 5, -2/46 HPs)
             Began as a Deep Dwarf Fighter on May 7, 2018.
             Was an Elder of Jiyva.
             Slain by a two-headed ogre
             ... wielding a cursed +0 giant spiked club
              (5 damage)
             ... in the Dungeon (Sprint IX: "|||||||||||||||||||||||||||||").
             The game lasted 00:06:35 (172 turns).

raistware the Cleaver (Deep Dwarf Fighter)           Turns: 172, Time: 00:06:37

Health: -2/46      AC: 16    Str: 24    XL:     5   Next: 79%
Magic:  3/5        EV:  4    Int: 11    God:    Jiyva [****..]
Gold:   0          SH:  9    Dex: 12    Spells: 4/4 levels left

rFire    . . .     SeeInvis .   q - +3 war axe (flame)
rCold    . . .     Gourm    .   c - +0 shield
rNeg     . . .     Faith    .   s - +0 plate armour
rPois    .         Spirit   .   a - +0 helmet
rElec    .         Reflect  .   (no cloak)
rCorr    +         Harm     .   (no gloves)
MR       .....     NoTele   +   r - +0 pair of boots
Stlth    ..........             (no amulet)
HPRegen  0.00/turn              t - +3 ring of strength
MPRegen  0.09/turn              b - +3 ring of intelligence

@: non-regenerating
A: damage resistance, heal wounds, talons 1, sense surroundings 1, eyeballs 1,
no regeneration
a: Heal Wounds, Request Jelly, Slimify, Renounce Religion


You were in the Dungeon.
You worshipped Jiyva.
Jiyva was greatly pleased with you.
You were not hungry.

You visited 1 branch

Inventory:

Hand Weapons
 p - the +8 glaive of the Guard {elec, +Rage AC+5 SInv}
   (You found it in the Dungeon)

   Occasionally, upon striking a foe, it will discharge some electrical energy
   and cause terrible harm.
   It affects your AC (+5).
   It lets you see invisible.
   It lets you go berserk.
 q - a +3 war axe of flaming (weapon)
Armour
 a - a +0 helmet (worn)
 c - a +0 shield (worn)
 r - a +0 pair of boots (worn)
 s - a +0 plate armour (worn)
Jewellery
 b - a +3 ring of intelligence (right hand)
 t - a +3 ring of strength (left hand)
Wands
 o - a wand of acid (10)
Scrolls
 k - 2 scrolls of blinking
 m - 3 scrolls of remove curse
 n - 2 scrolls of amnesia
Potions
 d - a potion of might
 e - 5 potions of curing
 g - 3 potions of heal wounds
 h - a potion of haste
 i - 4 potions of magic
 j - a potion of berserk rage
 l - a potion of invisibility
Comestibles
 f - a ration


   Skills:
 - Level 2.6 Fighting
 + Level 11.2 Axes
 + Level 7.7 Armour
 - Level 3.2 Shields


You had 4 spell levels left.
You didn't know any spells.

Dungeon Overview and Level Annotations

Branches:
Dungeon (1/1)

Altars:
Cheibriados
Dithmenos
Elyvilon
Fedhas
Gozag
Hepliaklqana
Kikubaaqudgha
Makhleb
Nemelex Xobeh
Okawaru
Qazlal
Ru
Sif Muna
Trog
Uskayaw
Vehumet
Wu Jian
Xom
Yredelemnul
Zin
The Shining One
Beogh
Jiyva
Lugonu


Innate Abilities, Weirdness & Mutations

You are resistant to damage.
You can heal yourself by infusing magical energy.
You passively map a small area around you.
You do not regenerate.
You have sharp toenails.
Your body has grown golden eyes which may confuse attackers. (Acc +3)


Message History

The jelly dies!
Something hits the hungry ghost.
The hungry ghost is splashed with acid.
The acid corrodes the hungry ghost!
The hungry ghost hits something.
The hungry ghost is burned by acid!
Something completely misses the hungry ghost.
The hungry ghost hits something.
The hungry ghost is burned by acid!
Okay, then.
Your body's shape seems more normal.
You feel cleansed.
You will no longer expel jellies when injured.
You can no longer call upon Jiyva to remove your harmful mutations.
Something hits the hungry ghost.
The hungry ghost is splashed with acid.
The hungry ghost hits something.
The hungry ghost is burned by acid!
You hit the two-headed ogre. You burn the two-headed ogre.
The two-headed ogre is almost dead.
Something hits the hungry ghost.
The hungry ghost is splashed with acid.
The two-headed ogre hits you with a giant spiked club!
* * * LOW HITPOINT WARNING * * *
The two-headed ogre hits you with a giant club.
You die...

, ▓.▓
,*
▓W▓
▓.▓ ,
▓.▓ *
▓'▓ *
,
,▓F▓
▓Y▓
*,*
▓O▓ +
▓@▓ *
▓.▓
*,▓J▓
, ,
,▓'▓
* ▓.▓
* ,*
▓.▓ ,
,▓.▓
▓.▓ ,
, ▓.▓


You could see a catoblepas, a two-headed ogre, a hungry ghost, a bullfrog and a
neutral jelly (fellow slime).

Vanquished Creatures
  An ogre (D)
  A scorpion (D)
  2 crimson imps (D)
  An orc wizard (D)
  An iguana (D)
  An ooze (D)
  A bat zombie (D)
  A giant cockroach (D)
  A goblin (D)
  2 hobgoblins (D)
  A bat (D)
  A jackal skeleton (D)
14 creatures vanquished.

Vanquished Creatures (others)
  A slime creature (D)
  2 jellies (D)
  A shadow imp (D)
4 creatures vanquished.

Grand Total: 18 creatures vanquished

Notes
Turn   | Place    | Note
-------+----------+-------------------------------------------
     0 | D        | raistware the Deep Dwarf Fighter began the quest for the Orb.
     0 | D        | Reached XP level 1. HP: 20/20 MP: 1/1
     7 | D        | Reached skill level 3 in Axes
     8 | D        | Reached skill level 4 in Axes
    11 | D        | Reached XP level 2. HP: 27/27 MP: 2/2
    12 | D        | Reached skill level 5 in Axes
    18 | D        | Noticed a crimson imp
    21 | D        | Reached skill level 7 in Axes
    21 | D        | Reached XP level 3. HP: 33/33 MP: 3/3
    39 | D        | Reached skill level 9 in Axes
    39 | D        | Reached XP level 4. HP: 40/40 MP: 4/4
    44 | D        | Found a roughly hewn altar of Beogh.
    44 | D        | Found a snail-covered altar of Cheibriados.
    44 | D        | Found a shadowy altar of Dithmenos.
    44 | D        | Found a white marble altar of Elyvilon.
    44 | D        | Found a blossoming altar of Fedhas.
    44 | D        | Found an opulent altar of Gozag.
    45 | D        | Found a hazy altar of Hepliaklqana.
    46 | D        | Found a viscous altar of Jiyva.
    47 | D        | Found an ancient bone altar of Kikubaaqudgha.
    48 | D        | Found a corrupted altar of Lugonu.
    49 | D        | Found a burning altar of Makhleb.
    50 | D        | Found a sparkling altar of Nemelex Xobeh.
    51 | D        | Found an iron altar of Okawaru.
    52 | D        | Found a stormy altar of Qazlal.
    53 | D        | Found a sacrificial altar of Ru.
    54 | D        | Found a deep blue altar of Sif Muna.
    55 | D        | Found a bloodstained altar of Trog.
    56 | D        | Found a hide-covered altar of Uskayaw.
    60 | D        | Became a worshipper of Jiyva Jigum the Shapeless
    64 | D        | Found a radiant altar of Vehumet.
    65 | D        | Found an ornate altar of the Wu Jian Council.
    66 | D        | Found a shimmering altar of Xom.
    68 | D        | Found a basalt altar of Yredelemnul.
    69 | D        | Found a glowing silver altar of Zin.
    71 | D        | Found a glowing golden altar of the Shining One.
    89 | D        | Found the +8 glaive of the Guard {elec, +Rage AC+5 SInv}
    91 | D        | Reached * piety under Jiyva
    93 | D        | Reached ** piety under Jiyva
    94 | D        | Reached *** piety under Jiyva
    94 | D        | Gained mutation: Armour fits poorly on your strangely shaped body. [Jiyva's grace]
    94 | D        | Reached **** piety under Jiyva
    94 | D        | Gained mutation: Your body has grown golden eyes which may confuse attackers. (Acc +3) [Jiyva's grace]
    94 | D        | Reached ***** piety under Jiyva
   120 | D        | Gained mutation: You have sharp toenails. [Jiyva's grace]
   125 | D        | Noticed an ogre
   133 | D        | Killed an ogre
   133 | D        | Reached skill level 10 in Axes
   133 | D        | Reached XP level 5. HP: 18/46 MP: 5/5
   145 | D        | Reached skill level 11 in Axes
   160 | D        | Noticed a hungry ghost
   160 | D        | Noticed a catoblepas
   160 | D        | Noticed a two-headed ogre
   160 | D        | Noticed a troll
   162 | D        | Slimified a troll
   162 | D        | Noticed a slime creature
   162 | D        | a troll changed into a slime creature
   164 | D        | Killed a slime creature
   171 | D        | Lost mutation: Armour fits poorly on your strangely shaped body. [Jiyva's power]
   172 | D        | Slain by a two-headed ogre

Vault maps used:
D:        linesprint

Skill      XL: |  1  2  3  4  5 |
---------------+----------------+-----
Axes           | 4 7 9 10 11 | 11.2
Armour         | 6 7 |  7.7
Fighting       | |  2.6
Shields        | |  3.2

Action                   |  1- 3 |  4- 6 || total
-------------------------+-------+-------++-------
Melee: War axe           |    27 |    19 ||    46
Invok: Slimify           |       |     1 ||     1
       Cure Bad Mutation |       |     1 ||     1
Armor: Scale mail        |    19 |       ||    19
       Plate armour      |       |     3 ||     3
Dodge: Dodged            |     4 |     3 ||     7
Block: Shield            |    14 |     6 ||    20

Table legend:
 A = Spawn XP
 B = Non-spawn XP
 C = Spawn XP percentage of total XP
 D = Spawn monster count
 E = Non-spawn monster count
 F = Spawn count percentage of total count
 G = Total turns spent on level
                    A         B        C        D         E        F      G
               +---------+---------+-------+---------+---------+-------+---------
         Total |       0 |     343 |   0.0 |       0 |      14 |   0.0 |   172
               +---------+---------+-------+---------+---------+-------+---------
             D |       0 |     343 |   0.0 |       0 |      14 |   0.0 |   172
               +---------+---------+-------+---------+---------+-------+---------
